 Dungeon Crawl Stone Soup version 0.30.1-9-gdf580d7c3d (webtiles) character file.

Game seed: 13912658528305693848

8150 Legs the Cruncher (level 11, -10/99 HPs)
             Began as a Minotaur Berserker on Oct 15, 2023.
             Was an Elder of Trog.
             Mangled by a skeletal warrior
             ... wielding a +0 glaive
              (16 damage)
             ... on level 10 of the Dungeon.
             The game lasted 00:38:07 (9607 turns).

Legs the Cruncher (Minotaur Berserker)              Turns: 9607, Time: 00:38:08

Health: -10/99     AC: 25    Str: 27    XL:     11   Next: 6%
Magic:  8/8        EV: 13    Int:  4    God:    Trog [****..]
Gold:   448        SH:  0    Dex:  9    Spells: 10/10 levels left

rFire   . . .        s - +7 staff of the Meek {protect, meekguard}
rCold   . . .        (shield currently unavailable)
rNeg    . . .        x - +2 ring mail of the Circus Animal {Harm +Blink Will++}
rPois   .            (helmet restricted)
rElec   .            (no cloak)
rCorr   +            B - +0 pair of gloves
SInv    .            H - +0 pair of boots
Will    ++...        i - amulet of faith
Stlth   ++           U - ring of resist corrosion
HPRegen 0.36/turn    (no ring)
MPRegen 0.11/turn

%: harm (+30% outgoing, +20% incoming), clarity, faith
@: about to teleport, under a protective aura
A: horns 2, retaliatory headbutt, clarity, low MP 1
a: Renounce Religion, Evoke Blink, Berserk, Trog's Hand, Brothers in Arms


You were on level 10 of the Dungeon.
You worshipped Trog.
Trog was greatly pleased with you.
You visited 2 branches of the dungeon, and saw 13 of its levels.
You also visited: Ossuary.

You collected 729 gold pieces.
You spent 281 gold pieces at shops.

Inventory:

Hand Weapons
 s - the +7 staff of the Meek (weapon) {protect, meekguard}
   (You found it on level 3 of the Dungeon)
 K - a +3 great sword of freezing
 L - a +5 halberd of flaming
 V - a +0 lajatang of electrocution
Missiles
 J - a boomerang (quivered)
 N - a throwing net
Armour
 d - the +0 leather armour of Fanaghuc {Dex+6}
   (You found it on level 9 of the Dungeon)

   Dex:       It affects your dexterity (+6).
 x - the +2 ring mail of the Circus Animal (worn) {Harm +Blink Will++}
   (You bought it in a shop on level 3 of the Dungeon)

   +Blink:    It lets you blink.
   Harm:      It increases damage dealt and taken.
   Will:      It greatly increases your willpower.
 B - a +0 pair of gloves (worn)
 H - a +0 pair of boots (worn)
 P - +0 steam dragon scales
Jewellery
 i - an amulet of faith (around neck)
 o - a ring of ice
 u - an amulet of regeneration
 A - an amulet of reflection
 T - an amulet of guardian spirit
 U - a ring of resist corrosion (left hand)
Wands
 f - a wand of mindburst (11)
 n - a wand of digging (5)
 y - a wand of paralysis (12)
 R - a wand of polymorph (15)
Scrolls
 b - a scroll of magic mapping
 c - a scroll of blinking
 h - 2 scrolls of fear
 j - a scroll of butterflies {unknown}
 k - a scroll of acquirement {unknown}
 l - 2 scrolls of enchant weapon
 r - 2 scrolls of teleportation
 v - 3 scrolls of identify
 w - a scroll of enchant armour {unknown}
 C - a scroll of fog
 E - 3 scrolls of immolation
 F - 2 scrolls of brand weapon
 I - 2 scrolls of vulnerability
Potions
 a - a potion of magic {unknown}
 e - 2 potions of cancellation
 g - 3 potions of attraction
 m - 4 potions of curing
 p - a potion of invisibility
 t - a potion of berserk rage
 z - a potion of flight
 D - a potion of might
 G - 2 potions of haste


   Skills:
 + Level 10.0 Fighting
 + Level 0.9(3.7) Axes
 + Level 5.9(10.0) Maces & Flails
 + Level 12.5(13.0) Staves
 + Level 1.1 Throwing
 + Level 8.5 Armour
 + Level 6.7 Dodging
 + Level 4.2 Stealth


You had 10 spell levels left.
You didn't know any spells.
Your spell library was empty.

Dungeon Overview and Level Annotations

Branches:
Dungeon (12/15)            Temple (1/1) D:4            Lair (0/5) D:9
    Orc (0/2) D:9         Ossuary (visited)

Altars:
Ashenzari
Cheibriados
Dithmenos
Elyvilon
Fedhas
Gozag
Hepliaklqana
Kikubaaqudgha
Makhleb
Nemelex Xobeh
Okawaru
Qazlal
Ru
Sif Muna
Trog
Uskayaw
Vehumet
Wu Jian
Xom
Yredelemnul
Zin
The Shining One

Shops:
D:1 ?   D:3 [


Innate Abilities, Weirdness & Mutations

You have a pair of horns on your head.
You reflexively headbutt those who attack you in melee.
You possess an exceptional clarity of mind.
Your magical capacity is low. (-10% MP)


Message History

You hear the faint creaking of a very distant portcullis.
HP restored.
E - 3 scrolls of immolation (gained 1)
Found a hand axe.
You see here a +0 hand axe.
The deep elf pyromancer shouts!
You hear a shout!
You hear two shouts!
The two-headed ogre shouts in stereo!
I - 2 scrolls of vulnerability (gained 1)
A skeletal warrior comes into view. It is wielding a +0 glaive.
Found a book of Armaments.
The skeletal warrior hits you from afar with a +0 glaive!!
A two-headed ogre comes into view.
It is wielding a +0 dire flail and a +0 giant spiked club.
The skeletal warrior closely misses you.
You furiously retaliate!
You headbutt the skeletal warrior!
The two-headed ogre moves out of view.
You hit the skeletal warrior but do no damage.
Your weapon exudes an aura of protection.
The skeletal warrior is moderately damaged.
The skeletal warrior hits you with a +0 glaive!
You barely miss the skeletal warrior.
The skeletal warrior is moderately damaged.
The skeletal warrior barely misses you.
You closely miss the skeletal warrior.
The skeletal warrior is moderately damaged.
You thump the skeletal warrior!
The skeletal warrior is heavily damaged.
The skeletal warrior hits you with a +0 glaive!
You completely miss the skeletal warrior.
The skeletal warrior is heavily damaged.
The two-headed ogre shouts in stereo!
You hear a horrible gurgling sound!
The skeletal warrior hits you with a +0 glaive!
You hit the skeletal warrior.
The skeletal warrior is heavily damaged.
As you read the scroll of teleportation, it crumbles to dust.
You feel strangely unstable.
The skeletal warrior hits you with a +0 glaive!!
* * * LOW HITPOINT WARNING * * *
The skeletal warrior attacks as you move away!
The skeletal warrior hits you with a +0 glaive!
You die...

#.#...#
#########+..#
#..........##
#.........##.#
#..........#.#..
#.......#.##.##.
#......#### .#
#.....##!..
#.@..## ###.
#z..## #.
......# .#
#....#O##.#
#...##'# .# #..#
:.. .. #.. ### #
#.. .#


You could see a skeletal warrior and a two-headed ogre.

Vanquished Creatures
  A two-headed ogre (D:8)
  Erica (D:8)
  Maggie (D:7)
  A komodo dragon (D:9)
  2 hornets
  Grinder (D:5)
  A wraith (D:11)
  Sigmund (D:4)
  A vampire (D:5)
  A wyvern (D:8)
  9 yaks
  A steam dragon (D:6)
  4 vampire mosquitoes (D:12)
  An acid dragon (D:8)
  A water moccasin (D:8)
  3 orc warriors
  3 sky beasts
  An ogre (D:5)
  A centaur (D:8)
  A kobold brigand (D:9)
  3 phantoms
  An elf zombie (Ossuary)
  Blork the orc (D:4)
  4 bullfrogs
  4 scorpions
  8 wights
  4 killer bees (D:8)
  2 howler monkeys (D:5)
  A jelly (D:4)
  An orc priest (D:8)
  2 hounds (D:5)
  2 gnoll boudas
  A sleepcap (D:7)
  An iguana (D:5)
  An orc wizard (D:12)
  2 hound zombies (Ossuary)
  3 mummies
  16 gnolls
  9 adders
  3 white imps
  An ufetubus (D:4)
  3 worms
  3 dart slugs
  16 orcs
  6 endoplasms
  A giant cockroach (D:4)
  A gnoll zombie (Ossuary)
  8 goblins
  3 hobgoblins
  8 jackals
  16 kobolds
  5 quokkas
  5 ball pythons
  7 bats
  4 frilled lizards
  A goblin zombie (Ossuary)
  A jackal zombie (Ossuary)
  A kobold zombie (Ossuary)
  4 rats
  A rat zombie (Ossuary)
200 creatures vanquished.

Vanquished Creatures (collateral kills)
  2 elf zombies (Ossuary)
  2 mummies (Ossuary)
  A hobgoblin zombie (Ossuary)
  A rat zombie (Ossuary)
6 creatures vanquished.

Grand Total: 206 creatures vanquished

Notes
Turn   | Place    | Note
-------+----------+-------------------------------------------
     0 | D:1      | Legs the Minotaur Berserker began the quest for the Orb.
     0 | D:1      | Reached XP level 1. HP: 19/19 MP: 0/0
    58 | D:1      | Reached XP level 2. HP: 21/27 MP: 1/1
   439 | D:1      | Reached XP level 3. HP: 32/33 MP: 2/2
   691 | D:1      | Found Mienyd's Magic Scroll Shoppe.
   694 | D:1      | Bought a scroll of identify for 28 gold pieces
   694 | D:1      | Bought a scroll of identify for 28 gold pieces
   810 | D:2      | Reached ** piety under Trog
   875 | D:2      | Found a faded altar of an unknown god.
  1076 | D:2      | Found a radiant altar of Vehumet.
  1334 | D:3      | Reached XP level 4. HP: 35/41 MP: 3/3
  1471 | D:3      | Found Kucwus's Antique Armour Shop.
  1629 | D:3      | Noticed a scorpion
  1638 | D:3      | Killed a scorpion
  1638 | D:3      | HP: 2/41 [poisoned by a scorpion]
  1639 | D:3      | Reached skill level 5 in Maces & Flails
  1858 | D:3      | Reached XP level 5. HP: 45/47 MP: 4/4
  1963 | D:3      | Found the +7 staff of the Meek {protect, meekguard}
  2368 | D:4      | Noticed a phantom
  2372 | D:4      | Killed a phantom
  2373 | D:4      | Reached skill level 5 in Fighting
  2416 | D:4      | Gained mutation: You have hidden genetic potential. [potion
                  | of mutation]
  2416 | D:4      | Gained mutation: Your spells are a little harder to cast,
                  | but a little more powerful. [potion of mutation]
  2424 | D:4      | Reached *** piety under Trog
  2561 | D:4      | Noticed Sigmund
  2566 | D:4      | Reached skill level 1 in Stealth
  2566 | D:4      | Killed Sigmund
  2567 | D:4      | Reached skill level 1 in Staves
  2567 | D:4      | Reached XP level 6. HP: 47/56 MP: 5/5
  2569 | D:4      | Gained mutation: Your flesh is heat resistant. (rF+)
                  | [hidden potential]
  3094 | D:4      | Reached skill level 2 in Staves
  3122 | D:4      | Reached XP level 7. HP: 61/61 MP: 6/6
  3253 | D:4      | Noticed Blork the orc
  3261 | D:4      | Killed Blork the orc
  3262 | D:4      | Reached skill level 5 in Armour
  3381 | D:4      | Found a staircase to the Ecumenical Temple.
  3390 | Temple   | Entered the Ecumenical Temple
  3468 | D:3      | Bought a translucent ring mail for 225 gold pieces
  3468 | D:3      | Identified the +2 ring mail of the Circus Animal {Harm
                  | +Blink Will++} (You bought it in a shop on level 3 of the
                  | Dungeon)
  3526 | D:5      | Entered Level 5 of the Dungeon
  3526 | D:5      | Noticed a vampire
  3532 | D:5      | Killed a vampire
  3533 | D:5      | Reached skill level 3 in Staves
  3534 | D:5      | Gained mutation: You possess an exceptional clarity of
                  | mind. [hidden potential]
  3534 | D:5      | Lost mutation: You have hidden genetic potential. [hidden
                  | potential expressed]
  3610 | D:5      | Noticed Grinder
  3629 | D:5      | Killed Grinder
  3630 | D:5      | Reached skill level 4 in Staves
  3818 | D:5      | Lost mutation: Your spells are a little harder to cast, but
                  | a little more powerful. [potion of mutation]
  3818 | D:5      | Lost mutation: Your flesh is heat resistant. (rF+) [potion
                  | of mutation]
  3818 | D:5      | Gained mutation: You have hidden genetic potential. [potion
                  | of mutation]
  3818 | D:5      | Gained mutation: You have a pair of large horns on your
                  | head. [potion of mutation]
  3824 | D:5      | Reached XP level 8. HP: 70/70 MP: 7/7
  3908 | D:5      | Reached skill level 5 in Staves
  3968 | D:5      | Reached **** piety under Trog
  4613 | D:6      | Found a sand-covered staircase.
  4623 | Ossuary  | Entered an ossuary
  4642 | Ossuary  | Reached skill level 6 in Staves
  4654 | Ossuary  | Gained mutation: Your flesh is cold resistant. (rC+)
                  | [hidden potential]
  5199 | D:6      | Reached skill level 7 in Staves
  5219 | D:6      | Reached XP level 9. HP: 48/77 MP: 8/8
  5612 | D:6      | Found an opulent altar of Gozag.
  5613 | D:6      | Found an ornate altar of the Wu Jian Council.
  5620 | D:6      | Found a shimmering altar of Xom.
  5624 | D:6      | Found a shimmering blue altar of Sif Muna.
  5629 | D:6      | Found a bloodstained altar of Trog.
  5632 | D:6      | Found a hide-covered altar of Uskayaw.
  5635 | D:6      | Reached skill level 8 in Staves
  5636 | D:6      | Found an ancient bone altar of Kikubaaqudgha.
  5827 | D:6      | Reached skill level 5 in Dodging
  5848 | D:7      | Noticed Maggie
  5859 | D:7      | Killed Maggie
  5865 | D:7      | Gained mutation: You have a somewhat thin skeletal
                  | structure. (Dex +2, Stealth+) [hidden potential]
  5865 | D:7      | Lost mutation: You have hidden genetic potential. [hidden
                  | potential expressed]
  5954 | D:7      | Reached skill level 9 in Staves
  7033 | D:8      | Reached skill level 10 in Staves
  7106 | D:8      | Noticed Erica
  7376 | D:8      | Reached XP level 10. HP: 74/90 MP: 9/9
  7437 | D:8      | Noticed a two-headed ogre
  7447 | D:8      | Killed a two-headed ogre
  8092 | D:8      | Killed Erica
  8093 | D:8      | Reached skill level 11 in Staves
  8598 | D:9      | Identified the +0 leather armour of Fanaghuc {Dex+6}
  8632 | D:9      | Found a staircase to the Orcish Mines.
  8690 | D:9      | Paralysed by a hornet for 3 turns
  8697 | D:9      | Reached skill level 12 in Staves
  8978 | D:9      | Found a staircase to the Lair.
  9228 | D:9      | You fall into a shaft and drop 3 floors!
  9249 | D:12     | Reached skill level 1 in Throwing
  9325 | D:12     | Lost mutation: You have a pair of large horns on your head.
                  | [potion of mutation]
  9325 | D:12     | Lost mutation: Your flesh is cold resistant. (rC+) [potion
                  | of mutation]
  9325 | D:12     | Lost mutation: You have a somewhat thin skeletal structure.
                  | (Dex +2, Stealth+) [potion of mutation]
  9325 | D:12     | Gained mutation: Your magical capacity is low. (-10% MP)
                  | [potion of mutation]
  9483 | D:11     | Reached XP level 11. HP: 98/99 MP: 8/8
  9503 | D:10     | Entered Level 10 of the Dungeon
  9512 | D:10     | Reached skill level 10 in Fighting
  9592 | D:10     | Noticed a deep elf pyromancer
  9592 | D:10     | Noticed a two-headed ogre
  9595 | D:10     | Noticed a skeletal warrior
  9599 | D:10     | Noticed a two-headed ogre
  9607 | D:10     | Mangled by a skeletal warrior

Illustrated notes

Levels and vault maps discovered:
D:1:      minmay_arrival_doors, layout_loops_ring, serial_shops,
          nicolae_shop_rolled_up, nicolae_wormholes
D:2:      layout_basic, dreamdust_ecumenical_altar_statues, basic_altar,
          minmay_tetromino_i4
D:3:      layout_basic, serial_shops, shop, grunt_ministairs_2,
          chequers_decorated_corner
D:4:      minmay_diamond_boxcup, layout_basic, minmay_temple_entry_poolview,
          uniq_sigmund, uniq_blork_the_orc
D:5:      layout_loops_ring, uniq_grinder
D:6:      layout_basic, nicolae_overflow_hallway_of_the_gods,
          gup_ossuary_entry_pyramid
D:7:      layout_loops_ring, nicolae_eternal_life, uniq_maggie
D:8:      layout_basic, minmay_misc_feat_room, minmay_diced_spiral, uniq_erica
D:9:      minmay_razor_zed, layout_loops_ring, lair_entry_dummy, orc_0_dummy
D:10:     layout_basic, special_room [special_room_bee], enter_bailey_3,
          minmay_fractal_squares_gapless_7
D:11:     layout_loops_ring
D:12:     layout_loops_corners, tgw_xom
Temple:   nicolae_temple_no_exploring_needed

Skill      XL: |  1  2  3  4  5  6  7  8  9 10 11 |
---------------+----------------------------------+-----
Fighting       | 4 5 6 7 8 9 10 | 10.0
Maces & Flails | 4 5 |  5.9
Armour         | 3 4 6 7 8 |  8.5
Dodging        | 3 4 6 |  6.7
Stealth        | 1 2 4 |  4.2
Staves         | 1 2 4 7 10 12 | 12.5
Throwing       | 1 |  1.1
Axes           | |  0.9

Action                     |  1- 3 |  4- 6 |  7- 9 | 10-12 || total
---------------------------+-------+-------+-------+-------++-------
  Melee: Mace              |    84 |     7 |       |       ||    91
         Headbutt          |    11 |     8 |    25 |    17 ||    61
         War axe           |       |     7 |       |       ||     7
         Quarterstaff      |       |    43 |   192 |    89 ||   324
  Throw: Boomerang         |       |       |       |     1 ||     1
 Invoke: Berserk           |       |       |     4 |     3 ||     7
         Trog's Hand       |       |       |     4 |     2 ||     6
         Brothers in Arms  |       |       |     1 |     1 ||     2
    Use: Potion            |       |     3 |     4 |     4 ||    11
         Scroll            |       |     5 |    12 |     4 ||    21
   Stab: Sleeping          |     1 |       |     1 |     1 ||     3
 Armour: Animal skin       |     9 |       |       |       ||     9
         Scale mail        |    16 |    18 |     2 |       ||    36
         Ring mail         |       |       |    81 |    39 ||   120
  Dodge: Dodged            |    50 |    26 |   146 |    48 ||   270
